 Dungeon Sprint DCSS version 0.29.1-15-g9cfb28693d (webtiles) character file.

Game seed: 10623386432705951967

2475 boopmooplesden the Fencer (level 9, -6/144 HPs)
             Began as a Minotaur Berserker on Mar 20, 2023.
             Was a High Priest of Trog.
             Succumbed to a redback's poison
             ... in the Dungeon (Sprint III: "The Ten Rune Challenge").
             The game lasted 00:02:16 (1883 turns).

boopmooplesden the Fencer (Minotaur Berserker)      Turns: 1883, Time: 00:02:16

Health: -6/144     AC:  6    Str: 26    XL:     9   Next: 27%
Magic:  8/8        EV: 13    Int:  4    God:    Trog [*****.]
Gold:   44         SH:  0    Dex: 10    Spells: 8/8 levels left

rFire   . . .      SeeInvis .   t - +10 dire flail
rCold   . . .      Faith    .   (shield currently unavailable)
rNeg    . . .      Spirit   .   q - +0 ring mail
rPois   .          Reflect  .   (helmet restricted)
rElec   .          Harm     .   (no cloak)
rCorr   .          Rampage  .   (no gloves)
Will    .....      NoTele   +   (no boots)
Stlth   ..........              (no amulet)
HPRegen 0.34/turn               (no ring)
MPRegen 0.11/turn               (no ring)

@: berserking, lethally poisoned (-6 -> -172), very quick
A: horns 2, retaliatory headbutt
a: Renounce Religion, Berserk, Trog's Hand, Brothers in Arms


You were in the Dungeon.
You worshipped Trog.
Trog was extremely pleased with you.
You visited 1 branch You collected 44 gold pieces.

Inventory:

Hand Weapons
 a - a +0 falchion
 r - a +2 long sword of holy wrath
 t - a +10 dire flail (weapon)
Armour
 b - a +0 animal skin
 i - a +0 leather armour
 q - a +0 ring mail (worn)
Wands
 p - a wand of acid (14)
Scrolls
 h - a scroll of blinking
 j - a scroll of immolation {unknown}
 k - 3 scrolls of identify
 m - a scroll of poison {unknown}
Potions
 c - 2 potions of curing
 d - a potion of heal wounds
 e - a potion of haste
 f - 2 potions of magic
 g - a potion of berserk rage
 l - a potion of flight {unknown}
 n - a potion of degeneration {unknown}
 o - 6 potions of mutation
Miscellaneous
 s - a box of beasts


   Skills:
 + Level 14.5 Fighting
 + Level 17.1 Long Blades
 + Level 3.0 Maces & Flails
 + Level 8.6 Armour
 + Level 8.1 Dodging
 + Level 1.8 Stealth


You had 8 spell levels left.
You didn't know any spells.
Your spell library was empty.

Dungeon Overview and Level Annotations

Branches:
Dungeon (1/1)

Altars:
Cheibriados
Dithmenos
Elyvilon
Fedhas
Gozag
Hepliaklqana
Kikubaaqudgha
Makhleb
Nemelex Xobeh
Okawaru
Qazlal
Ru
Sif Muna
Trog
Uskayaw
Vehumet
Wu Jian
Xom
Yredelemnul
Zin
The Shining One
Jiyva
Lugonu


Innate Abilities, Weirdness & Mutations

You have a pair of horns on your head.
You reflexively headbutt those who attack you in melee.


Message History

The redback fails to trigger a net trap.
You impale the redback!! Your headbutt misses the redback.
The redback is almost dead.
A red film seems to cover your vision as you go berserk!
You feel yourself moving faster!
You feel mighty! The redback bites you.
You are poisoned.
The redback poisons you! The redback misses you.
The redback closely misses you.
You closely miss the redback.
You feel extremely sick. The redback bites you.
You are more poisoned.
The redback poisons you! The redback bites you.
You are lethally poisoned!
The redback poisons you!
You sock the redback! You headbutt the redback!
The redback is severely wounded.
You feel extremely sick. The redback bites you. The redback bites you!
You barely miss the redback. Your headbutt misses the redback.
The redback is severely wounded.
You feel extremely sick. The redback bites you.
You are more poisoned.
The redback poisons you! The redback bites you.
You closely miss the redback.
The redback is heavily wounded.
* * * LOW HITPOINT WARNING * * *
You feel extremely sick. The redback bites you.
* * * LOW HITPOINT WARNING * * *
The redback bites you!
* * * LOW HITPOINT WARNING * * *
The redback bites you.
* * * LOW HITPOINT WARNING * * *
You are more poisoned.
The redback poisons you!
You barely miss the redback.
The redback is almost dead.
You die...

#._# #'## ...# ...# ##'#
...#+##############
v..#....#.#.#...).#
...##.#..#.##.###)#
...'##)#.#.##)#.@##
...#.).#..#..##.ss......
▓▓▓▓▓▓▓▓▓▓▓▓▓▓▓▓▓#^..^.^
..^... ..^.. ..... ####


You could see 2 redbacks.

Vanquished Creatures
  Erolcha (D)
  A deep elf pyromancer (D)
  A shadow (D)
  5 two-headed ogres (D)
  A necrophage (D)
  A water elemental (D)
  A jelly (D)
  A wizard (D)
  A necromancer (D)
  3 humans (D)
  A kobold demonologist (D)
  A wolf (D)
  An endoplasm (D)
  3 rats (D)
22 creatures vanquished.

Notes
Turn   | Place    | Note
-------+----------+-------------------------------------------
     0 | D        | boopmooplesden the Minotaur Berserker began the quest for
                  | the Orb.
     0 | D        | Reached XP level 1. HP: 19/19 MP: 0/0
     9 | D        | Reached skill level 4 in Long Blades
   127 | D        | Reached ** piety under Trog
   176 | D        | Reached skill level 5 in Fighting
   176 | D        | Reached skill level 5 in Long Blades
   176 | D        | Reached XP level 2. HP: 19/29 MP: 1/1
   346 | D        | Reached skill level 6 in Long Blades
   346 | D        | Reached XP level 3. HP: 15/37 MP: 2/2
   543 | D        | Noticed a water elemental
   548 | D        | Killed a water elemental
   549 | D        | Reached skill level 7 in Long Blades
   549 | D        | Reached XP level 4. HP: 47/47 MP: 3/3
   645 | D        | Found a shadowy altar of Dithmenos.
   645 | D        | Noticed a necrophage
   649 | D        | Killed a necrophage
   649 | D        | Reached *** piety under Trog
   650 | D        | Reached skill level 9 in Long Blades
   650 | D        | Reached XP level 5. HP: 53/53 MP: 4/4
   650 | D        | Found a basalt altar of Yredelemnul.
   650 | D        | Found a sacrificial altar of Ru.
   854 | D        | Found a hide-covered altar of Uskayaw.
   854 | D        | Found an iron altar of Okawaru.
   856 | D        | Found a bloodstained altar of Trog.
   856 | D        | Found an ornate altar of the Wu Jian Council.
   856 | D        | Noticed a human
   856 | D        | Noticed a human
   861 | D        | Killed a human
   862 | D        | Reached skill level 11 in Long Blades
   862 | D        | Reached skill level 5 in Armour
   862 | D        | Reached skill level 5 in Dodging
   862 | D        | Reached XP level 6. HP: 66/66 MP: 5/5
   865 | D        | Killed a human
   865 | D        | Reached **** piety under Trog
   866 | D        | Reached skill level 10 in Fighting
   866 | D        | Reached skill level 12 in Long Blades
   938 | D        | Found a radiant altar of Vehumet.
   940 | D        | Found a shimmering blue altar of Sif Muna.
   940 | D        | Found an ancient bone altar of Kikubaaqudgha.
   949 | D        | Reached skill level 1 in Stealth
  1083 | D        | Found a glowing silver altar of Zin.
  1085 | D        | Found a glowing golden altar of the Shining One.
  1085 | D        | Found a white marble altar of Elyvilon.
  1085 | D        | Noticed a deep elf pyromancer
  1089 | D        | Killed a deep elf pyromancer
  1089 | D        | Reached ***** piety under Trog
  1090 | D        | Reached skill level 14 in Long Blades
  1090 | D        | Reached XP level 7. HP: 77/77 MP: 6/6
  1134 | D        | Noticed a shadow
  1137 | D        | Killed a shadow
  1138 | D        | Reached XP level 8. HP: 85/85 MP: 7/7
  1145 | D        | Found a blossoming altar of Fedhas.
  1145 | D        | Found a stormy altar of Qazlal.
  1145 | D        | Found a snail-covered altar of Cheibriados.
  1145 | D        | Found a burning altar of Makhleb.
  1145 | D        | Found a shimmering altar of Xom.
  1146 | D        | Found a hazy altar of Hepliaklqana.
  1146 | D        | Found an opulent altar of Gozag.
  1146 | D        | Found a sparkling altar of Nemelex Xobeh.
  1146 | D        | Found a corrupted altar of Lugonu.
  1146 | D        | Found a viscous altar of Jiyva.
  1369 | D        | Received a gift from Trog
  1370 | D        | Reached skill level 15 in Long Blades
  1508 | D        | Noticed a two-headed ogre
  1512 | D        | Killed a two-headed ogre
  1552 | D        | Noticed a two-headed ogre
  1552 | D        | Noticed Erolcha
  1560 | D        | Killed a two-headed ogre
  1561 | D        | Reached skill level 16 in Long Blades
  1569 | D        | Killed Erolcha
  1570 | D        | Reached skill level 17 in Long Blades
  1570 | D        | Reached XP level 9. HP: 16/96 MP: 8/8
  1883 | D        | Succumbed to a redback's poison

Illustrated notes

Levels and vault maps discovered:
D:        dungeon_sprint_mu [sprint_mu_entry_forest, sprint_mu_temple_rooms,
          sprint_mu_d1_spiders, sprint_mu_d2_genie, sprint_mu_d3_branching,
          sprint_mu_orc_legion, sprint_mu_elf_gauntlet, sprint_mu_hive_nellie,
          sprint_mu_lair_fedhas, sprint_mu_vaults_butterflies,
          sprint_mu_slime_circle, sprint_mu_swamp_cave, sprint_mu_shoals_archi,
          sprint_mu_blade_basic, sprint_mu_crypt_lich, sprint_mu_tomb_spiral,
          sprint_mu_vestibule_basic, sprint_mu_gehenna_hellfire,
          sprint_mu_dis_giant, sprint_mu_tartarus_statrot,
          sprint_mu_cocytus_islands, sprint_mu_zot1]

Skill      XL: |  1  2  3  4  5  6  7  8 |
---------------+-------------------------+-----
Fighting       | 5 7 8 9 12 14 | 14.5
Long Blades    | 5 6 7 9 11 14 17 | 17.1
Armour         | 3 4 5 6 8 |  8.6
Dodging        | 3 4 5 6 7 8 |  8.1
Stealth        | 1 |  1.8
Maces & Flails | 3 |  3.0

Action                   |  1- 3 |  4- 6 |  7- 9 || total
-------------------------+-------+-------+-------++-------
Melee: Falchion          |    23 |    23 |       ||    46
       Headbutt          |     3 |     5 |    14 ||    22
       Long sword        |       |       |    17 ||    17
       Dire flail        |       |       |    20 ||    20
Invok: Berserk           |     2 |     4 |     3 ||     9
Armor: Animal skin       |     1 |       |       ||     1
       Leather armour    |       |     1 |       ||     1
       Ring mail         |       |     1 |       ||     1
Dodge: Dodged            |    14 |    14 |    19 ||    47
